Map: Redshift LE

Players

DeathStar

  • Race: Protoss Protoss
  • League: Diamond
  • Spawn Location: 7:00

MarioMM - Winner!

  • Race: Terran Terran
  • League: Diamond
  • Spawn Location: 11:00

VOD

Have the link to the VOD?

Description

Time

  • Played on: July 20, 2018, 3:25 p.m.
  • Length: 8:09
Show
View Real Time Build Order
Export as new Build Order

DeathStar Protoss 

Build Orders:  

Get SALT Encoding   

  12  0:02  Probe  
  13  0:14  Probe  
  14  0:18  Pylon  
  14  0:24  Probe  
  15  0:32  Probe  
  15  0:40  Gateway, Probe  
  17  0:52  Probe  
  18  1:04  Probe  
  18  1:07  Assimilator  
  18  1:11  Assimilator  
  19  1:16  Probe  
  20  1:29  Probe  
  21  1:41  Probe  
  22  1:56  Cybernetics Core  
  22  2:06  Nexus  
  22  2:07  Pylon x2  
  22  2:11  Probe  
  23  2:19  Gateway  
  23  2:22  Stalker  
  23  2:25  Probe  
  23  2:26  Warp Gate  
  25  2:37  Probe  
  26  2:49  Probe  
  26  2:52  Stalker  
  27  3:07  Probe  
  27  3:09  Stalker  
  30  3:17  Pylon  
  30  3:19  Probe  
  31  3:22  Stalker  
  31  3:23  Probe  
  34  3:31  Probe  
  35  3:35  Probe  
  36  3:43  Probe  
  36  3:44  Stargate  
  36  3:47  Probe  
  38  3:51  Forge  
  38  4:04  Stalker x2  
  38  4:08  Probe  
  38  4:09  Probe  
  42  4:21  Probe x2  
  44  4:30  Photon Cannon  
  44  4:33  Probe x2  
  45  4:42  Photon Cannon  
  45  4:46  Pylon  
  45  4:48  Probe x2  
  47  4:57  Pylon  
  47  4:58  Protoss Ground Weapons Level 1, Phoenix  
  47  5:02  Shield Battery  
  47  5:06  Assimilator  
  49  5:08  Assimilator  
  49  5:10  Probe x2  
  51  5:15  Robotics Facility  
  51  5:17  Twilight Council  
  51  5:20  Gateway  
  50  5:37  Zealot x2  
  48  5:51  Probe  
  48  5:52  Probe  
  47  6:01  Charge  
  44  6:10  Stalker  
  45  6:14  Probe x2  
  47  6:19  Observer  
  48  6:26  Probe x2  
  48  6:27  Photon Cannon  
  48  6:31  Photon Cannon  
  48  6:32  Immortal  
  50  6:38  Probe x2  
  56  6:50  Probe x2  
  58  6:58  Phoenix  
  58  7:01  Zealot x3  
  66  7:02  Probe x2  
  68  7:09  Gateway  
  68  7:12  Warp Prism  
  70  7:18  Probe x2  
  72  7:33  Zealot x3  
  72  7:40  Phoenix  
Show
View Real Time Build Order
Export as new Build Order

MarioMM Terran - Winner!

Build Orders:  

Get SALT Encoding   

  12  0:01  SCV  
  13  0:13  SCV  
  14  0:18  Supply Depot  
  14  0:25  SCV  
  14  0:28  Refinery  
  15  0:39  SCV  
  16  0:46  Barracks  
  16  0:52  SCV  
  17  1:06  SCV  
  17  1:10  Refinery  
  18  1:28  SCV  
  18  1:30  Supply Depot  
  19  1:33  Reaper  
  20  1:42  SCV  
  21  1:55  Orbital Command  
  21  1:57  Factory  
  21  2:16  Barracks Reactor  
  21  2:27  SCV  
  22  2:35  Command Center  
  22  2:40  SCV  
  23  2:52  SCV  
  24  3:04  SCV  
  25  3:10  Starport  
  25  3:16  SCV, Hellion x2  
  25  3:19  Barracks  
  30  3:22  Barracks Tech Lab  
  30  3:27  Engineering Bay  
  30  3:28  SCV  
  31  3:46  SCV, Orbital Command, Cyclone x2  
  38  3:49  Marine  
  39  4:03  SCV  
  39  4:04  Orbital Command  
  39  4:09  Medivac  
  42  4:10  Marine  
  42  4:11  Stimpack  
  42  4:15  SCV  
  44  4:22  Bunker  
  44  4:27  SCV  
  40  4:39  SCV x2  
  40  4:45  Medivac  
  44  4:47  Marine  
  44  4:49  Terran Infantry Weapons Level 1  
  44  4:51  SCV  
  46  4:53  Barracks  
  46  5:02  Factory Reactor  
  46  5:03  Supply Depot  
  46  5:17  Supply Depot  
  46  5:20  Marine x3  
  46  5:21  SCV x2  
  51  5:22  Supply Depot  
  51  5:33  SCV x2  
  52  5:42  Marine x2  
  54  5:43  Marauder  
  54  5:49  Medivac  
  55  5:54  Factory Tech Lab  
  55  5:59  Marine  
  55  6:02  Engineering Bay  
  56  6:04  Armory  
  56  6:05  SCV x2  
  56  6:08  Refinery  
  56  6:09  Refinery  
  56  6:10  Command Center  
  58  6:17  SCV x2  
  57  6:18  Marine x3  
  57  6:19  Marine  
  57  6:21  Marauder  
  63  6:29  Siege Tank  
  63  6:30  Medivac  
  68  6:35  SCV  
  68  6:38  SCV  
  70  6:44  Marine x3  
  73  6:47  SCV  
  73  6:50  SCV, Marine x2  
  77  6:56  Missile Turret  
  77  6:58  Supply Depot  
  77  6:59  SCV  
  78  7:17  Supply Depot  
  78  7:19  Missile Turret  
  78  7:20  SCV x2, Marauder  
  82  7:24  Orbital Command  
  82  7:32  SCV x2  
Tags
 
Matchup
PvT
Replay Pack
replaypack1
Spawn Locations
Close Positions
Add a new tag
Caveats
  • Supply blocks, unpowered buildings, or Contaminate may cause inaccurate times.
  • Supply counts are checked every 10 seconds.